 Dungeon Crawl Stone Soup version 0.32-a0-350-g4f4d228785 (webtiles) character file.

Game seed: 2382787464563766476

460 holysushi the Chopper (level 6, -3/53 HPs)
             Began as a Mountain Dwarf Fighter on Feb 18, 2024.
             Incinerated by a bombardier beetle (4 damage)
             ... with a burning spray
             ... on level 5 of the Dungeon.
             The game lasted 00:03:59 (4094 turns).

holysushi the Chopper (Mountain Dwarf Fighter)      Turns: 4094, Time: 00:03:59

Health: -3/53      AC: 10    Str: 20    XL:     6   Next: 78%
Magic:  6/6        EV:  8    Int:  9    God:
Gold:   235        SH:  4    Dex:  9    Spells: 5/5 levels left

rFire   . . .        a - +0 war axe
rCold   . . .        c - +0 buckler
rNeg    . . .        j - +0 chain mail
rPois   .            (no helmet)
rElec   .            e - +0 cloak
rCorr   .            (no gloves)
SInv    .            (no boots)
Will    .....        (no amulet) Stlth
                     (no ring)
HPRegen 0.28/turn    (no ring)
MPRegen 0.10/turn

%: no passive effects
@: on fire, glowing
A: runic magic, artefact enchanting
a: no special abilities


You were on level 5 of the Dungeon.
You visited 1 branch of the dungeon, and saw 5 of its levels.

You collected 277 gold pieces.
You spent 42 gold pieces at shops.

Inventory:

Hand Weapons
 a - a +0 war axe (weapon)
Armour
 b - a +0 scale mail
 c - a +0 buckler (worn)
 e - a +0 cloak (worn)
 j - a +0 chain mail (worn)
 s - a +0 pair of boots
Jewellery
 o - a ring of ice
 q - a ring of wizardry
Wands
 t - a wand of roots (11)
Scrolls
 f - 2 scrolls of revelation
 g - a scroll of poison
 h - 6 scrolls of teleportation
 i - 2 scrolls of amnesia {unknown}
 l - a scroll of torment {unknown}
 m - 2 scrolls of enchant armour {unknown}
 n - a scroll of immolation {unknown}
 p - a scroll of fog {unknown}
 v - a scroll of blinking {unknown}
Potions
 d - 3 potions of might
 k - a potion of curing
 r - a potion of lignification
 u - a potion of brilliance


   Skills:
 + Level 4.3 Fighting
 + Level 6.9 Axes
 + Level 4.4 Armour
 + Level 1.5 Dodging
 - Level 3.4 Shields


You had 5 spell levels left.
You didn't know any spells.
Your spell library contained the following spells:

 Spells                   Type           Power      Damage    Failure   Level
 Cigotuvi's Dreadful Rot  Necr/Alch/Air  0%         N/A       77%         2
 Ignite Poison            Fire/Alch      0%         N/A       100%        4
 Freezing Cloud           Conj/Ice/Air   0%         6-21      100%        5


Dungeon Overview and Level Annotations

Branches:
Dungeon (5/15) Zot: 25831
 Temple: D:4-7

Altars:
Ashenzari
Elyvilon
Fedhas
Gozag
Kikubaaqudgha
Okawaru
Qazlal
Zin

Shops:
D:2 !


Innate Abilities, Weirdness & Mutations

Your spellcasting is much less encumbered by armour.
You can use scrolls of enchantment on lesser artefacts.


Message History

You barely miss the bombardier beetle. The liquid fire burns you!
The bombardier beetle barely misses you.
You hit the bombardier beetle but do no damage.
The liquid fire burns you!
You barely miss the bombardier beetle. The liquid fire burns you!
The bombardier beetle sprays incendiary fluid at you.
The burning spray hits you.
You are even more covered in liquid fire!
You hit the bombardier beetle.
The bombardier beetle is moderately wounded.
The liquid fire burns you!
* * * LOW HITPOINT WARNING * * *
The bombardier beetle sprays incendiary fluid at you.
The burning spray hits you.
You are even more covered in liquid fire!
You hit the bombardier beetle but do no damage.
The bombardier beetle is moderately wounded.
The liquid fire burns you!
* * * LOW HITPOINT WARNING * * *
You hit the bombardier beetle.
The bombardier beetle is heavily wounded.
The liquid fire burns you!
* * * LOW HITPOINT WARNING * * *
The bombardier beetle misses you.
You feel better. The liquid fire burns you!
* * * LOW HITPOINT WARNING * * *
The bombardier beetle bites you but does no damage.
You slash the bombardier beetle!
You kill the bombardier beetle!
The liquid fire burns you!
* * * LOW HITPOINT WARNING * * *
You shake off some of the fire as you move.
The liquid fire burns you!
* * * LOW HITPOINT WARNING * * *
You shake off some of the fire as you move.
The liquid fire burns you!
You die...

### ### # #.. ..#### ## #####
####..###.....#.. .....
.........#..#.#. .....
.......@......! .....
............#.# ####
####.##†##.##.# # #>.........# #
##..........## # ##.#...##...#.#
.###...#..##..#..#######
..........#....#.........#
#####...###.....#..#....#####'###


There were no monsters in sight!

Vanquished Creatures
  An ice beast (D:4)
  2 bombardier beetles (D:5)
  2 hounds
  Terence (D:2)
  Ijyb (D:4)
  5 adders
  2 ufetubi (D:5)
  4 dart slugs
  8 orcs
  6 bats
  5 endoplasms
  4 giant cockroaches
  7 goblins
  4 hobgoblins
  3 quokkas (D:4)
  6 ball pythons
  5 frilled lizards
  6 kobolds
  5 rats
77 creatures vanquished.

Notes
Turn   | Place    | Note
-------+----------+-------------------------------------------
     0 | D:1      | holysushi the Mountain Dwarf Fighter began the quest for
                  | the Orb.
     0 | D:1      | Reached XP level 1. HP: 19/19 MP: 1/1
     8 | D:1      | Found a faded altar of an unknown god.
    54 | D:1      | Reached XP level 2. HP: 24/26 MP: 2/2
    80 | D:1      | Reached skill level 3 in Axes
   282 | D:1      | Reached XP level 3. HP: 28/31 MP: 3/3
   424 | D:1      | Reached skill level 4 in Axes
  1178 | D:2      | Noticed Terence
  1188 | D:2      | Reached skill level 5 in Axes
  1188 | D:2      | Reached XP level 4. HP: 18/38 MP: 4/4
  1189 | D:2      | Killed Terence
  1312 | D:2      | Found Tisoxzat's Distillery.
  1317 | D:2      | Bought a potion of curing for 42 gold pieces
  1954 | D:3      | Found a broken altar of Ashenzari.
  1960 | D:3      | Reached skill level 6 in Axes
  1999 | D:3      | Reached XP level 5. HP: 42/45 MP: 5/5
  2491 | D:4      | Found a blossoming altar of Fedhas.
  2637 | D:4      | Found a stormy altar of Qazlal.
  2701 | D:4      | Noticed an ice beast
  2710 | D:4      | Killed an ice beast
  2711 | D:4      | Reached skill level 1 in Dodging
  2711 | D:4      | Reached XP level 6. HP: 18/52 MP: 6/6
  2951 | D:4      | Found an ancient bone altar of Kikubaaqudgha.
  2997 | D:4      | Noticed Ijyb
  3007 | D:4      | Killed Ijyb
  3401 | D:4      | Found a white marble altar of Elyvilon.
  3577 | D:5      | Entered Level 5 of the Dungeon
  3779 | D:5      | Found an iron altar of Okawaru.
  4037 | D:5      | Found an opulent altar of Gozag.
  4037 | D:5      | Found a glowing silver altar of Zin.
  4093 | D:5      | HP: 1/53 [burnt (4)]
  4094 | D:5      | Incinerated by a bombardier beetle

Illustrated notes

Levels and vault maps discovered:
D:1:      lightli_arrival_statuegarden, layout_basic,
          hellmonk_ecumenical_altar_slurped_away, roderic_serpentine_path,
          kennysheep_decorative_pillar
D:2:      layout_basic, serial_shops, nicolae_shop_rolling_square, uniq_terence
D:3:      layout_basic, evilmike_ruin_ashenzari, grunt_ministairs_14,
          corner_web_ring
D:4:      layout_loops_ring, nicolae_elyvilon_temple_path,
          mainiacjoe_overflow_catwalk_spiral, fedhas_altar_1, uniq_ijyb
D:5:      layout_loops_cross, grunt_temple_overflow_gold_and_silver,
          mainiacjoe_overflow_brackets, minivault_26

Skill      XL: |  1  2  3  4  5  6 |
---------------+-------------------+-----
Axes           | 3 5 6 |  6.9
Dodging        | 1 |  1.5
Armour         | 4 |  4.4
Fighting       | 4 |  4.3
Shields        | |  3.4

Action                     |  1- 3 |  4- 6 || total
---------------------------+-------+-------++-------
  Melee: War axe           |    99 |   183 ||   282
    Use: Potion            |     1 |     1 ||     2
         Scroll            |       |     5 ||     5
 Armour: Scale mail        |    74 |       ||    74
         Chain mail        |    23 |   155 ||   178
  Dodge: Dodged            |    56 |    70 ||   126
  Block: Buckler           |    23 |    31 ||    54

Table legend: (Time is in decaauts)
 A = Elapsed time spent in this place.
 B = Non-inter-level travel time spent in this place.
 C = Inter-level travel time spent in this place.
 D = Time resting spent in this place.
 E = Time spent auto-exploring this place.
 F = Levels seen in this place.
 G = Mean time per level.
                   A        B        C        D        E       F      G
               +--------+--------+--------+--------+--------+-----+--------+
         Total |   4168 |   4073 |     95 |    455 |   2830 |   5 |  833.6 |
       Dungeon |   4168 |   4073 |     95 |    455 |   2830 |   5 |  833.6 |
               +--------+--------+--------+--------+--------+-----+--------+

Top non-repeatable levels by time:
     D:4: 1176 daAuts
     D:2: 907 daAuts
     D:3: 839 daAuts
     D:1: 779 daAuts
     D:5: 466 daAuts
